Map: 코스믹 사파이어

Players

NightMare

  • Race: Protoss Protoss
  • Spawn Location: 11:00

Neeb - Winner!

  • Race: Protoss Protoss
  • Spawn Location: 5:00

Event: DreamHack SC2 Masters 2022 Atlanta (Offline)

VOD

Have the link to the VOD?

Description

Time

  • Played on: Nov. 19, 2022, 9:27 a.m.
  • Length: 10:56

All games in this series

Show
View Real Time Build Order
Export as new Build Order

NightMare Protoss 

Build Orders: Blink Stalkers 

Get SALT Encoding   

  12  0:00  Probe  
  13  0:12  Probe  
  14  0:18  Pylon  
  14  0:24  Probe (Chrono Boost)  
  15  0:37  Probe (Chrono Boost)  
  15  0:39  Gateway  
  16  0:45  Probe (Chrono Boost)  
  16  0:47  Assimilator  
  17  0:51  Probe  
  17  0:56  Assimilator  
  18  1:03  Probe (Chrono Boost)  
  19  1:08  Gateway  
  19  1:13  Probe (Chrono Boost)  
  19  1:18  Probe (Chrono Boost)  
  21  1:26  Cybernetics Core  
  21  1:29  Probe  
  22  1:35  Pylon  
  22  1:41  Probe  
  23  1:53  Probe  
  24  2:03  Warp Gate, Stalker x2  
  24  2:06  Probe  
  29  2:12  Pylon  
  29  2:20  Pylon  
  29  2:38  Stalker  
  29  2:41  Sentry  
  33  2:54  Nexus  
  33  3:01  Probe  
  34  3:07  Shield Battery  
  34  3:13  Probe  
  34  3:18  Twilight Council  
  35  3:25  Probe  
  35  3:26  Pylon  
  36  3:38  Probe  
  37  3:46  Blink (Chrono Boost)  
  37  3:50  Probe  
  37  3:51  Stalker x2  
  42  4:02  Probe  
  43  4:08  Probe  
  44  4:12  Gateway  
  44  4:14  Probe  
  45  4:21  Probe  
  46  4:24  Stalker  
  46  4:25  Stalker  
  46  4:26  Probe  
  51  4:34  Probe, Pylon  
  52  4:38  Probe  
  52  4:41  Robotics Facility  
  53  4:47  Probe  
  53  4:48  Sentry  
  53  4:49  Stalker  
  53  4:51  Probe  
  59  4:55  Pylon  
  59  4:59  Probe  
  60  5:03  Probe  
  61  5:12  Probe, Stalker  
  64  5:15  Probe  
  64  5:16  Stalker x2  
  69  5:25  Pylon  
  67  5:33  Observer  
  67  5:34  Nexus  
  68  5:44  Stalker x2  
  68  5:45  Stalker  
  70  5:50  Probe x2  
  70  5:55  Warp Prism (Chrono Boost)  
  72  6:04  Probe  
  72  6:05  Probe  
  72  6:06  Pylon  
  72  6:09  Stalker  
  76  6:12  Stalker  
  76  6:17  Assimilator  
  78  6:18  Pylon  
  78  6:26  Gateway, Stalker  
  80  6:44  Stalker x2  
  76  6:50  Stalker  
  76  6:52  Probe x2  
  79  6:54  Probe  
  79  7:00  Observer, Gateway x2  
  79  7:02  Charge (Chrono Boost)  
  79  7:04  Probe x2  
  79  7:06  Probe (Chrono Boost)  
  82  7:10  Gateway  
  82  7:12  Adept  
  82  7:13  Adept  
  86  7:20  Probe (Chrono Boost)  
  86  7:22  Probe x2 (Chrono Boost)  
  89  7:28  Probe (Chrono Boost)  
  92  7:30  Gateway, Probe x2 (Chrono Boost)  
  92  7:32  Zealot  
  92  7:34  Probe  
  92  7:36  Stalker  
  97  7:39  Stalker  
  97  7:41  Probe  
  98  7:46  Observer  
  98  7:47  Probe x2  
  93  7:53  Probe  
  94  8:00  Zealot x5  
  94  8:02  Zealot  
  106  8:06  Pylon  
  106  8:07  Pylon x2  
  106  8:09  Zealot  
  108  8:16  Shield Battery  
  108  8:24  Zealot x2  
  108  8:27  Stalker  
  108  8:28  Zealot x4  
  108  8:30  Warp Prism (Chrono Boost)  
  108  8:32  Zealot  
  100  8:46  Zealot x2  
  88  8:54  Observer  
  86  8:57  Templar Archives  
  86  8:58  Nexus  
  86  9:00  Pylon  
  86  9:03  Zealot x4  
  94  9:19  Gateway  
  94  9:21  Gateway  
  94  9:33  High Templar x4  
  94  9:34  High Templar  
  94  9:35  Zealot x2  
  94  9:36  Pylon  
  108  9:40  Zealot, Archon  
  108  9:41  Archon  
  110  9:46  Pylon  
  110  9:48  Probe x3  
  110  9:52  High Templar  
  115  9:53  Zealot  
  115  9:55  Observer  
  115  9:57  Zealot x4  
  115  9:58  Archon  
  126  10:01  Pylon  
  126  10:03  Zealot, Pylon  
  126  10:04  Pylon  
  126  10:06  Zealot  
  131  10:07  Probe x3  
  131  10:16  Zealot  
  131  10:17  Zealot x3  
  131  10:18  Zealot x2  
  137  10:34  Zealot x4  
  107  10:38  Zealot x8  
  107  10:39  Zealot  
  89  10:45  Zealot  
Show
View Real Time Build Order
Export as new Build Order

Neeb Protoss - Winner!

Build Orders: Blink Stalkers 

Get SALT Encoding   

  12  0:01  Probe  
  13  0:13  Probe  
  14  0:17  Pylon  
  14  0:25  Probe (Chrono Boost)  
  15  0:37  Gateway, Probe (Chrono Boost)  
  16  0:45  Probe (Chrono Boost)  
  16  0:47  Assimilator  
  17  0:51  Probe  
  17  0:55  Assimilator  
  18  1:03  Probe (Chrono Boost)  
  19  1:08  Gateway  
  19  1:13  Probe (Chrono Boost)  
  19  1:18  Probe (Chrono Boost)  
  21  1:26  Cybernetics Core  
  21  1:30  Probe  
  22  1:37  Pylon  
  22  1:42  Probe  
  23  1:55  Probe  
  23  2:00  Warp Gate (Chrono Boost)  
  24  2:03  Stalker x2  
  24  2:07  Probe  
  29  2:19  Pylon  
  29  2:22  Probe  
  30  2:36  Stalker  
  34  2:37  Sentry  
  34  2:41  Probe  
  35  2:54  Nexus  
  35  2:59  Probe  
  36  3:07  Shield Battery  
  36  3:11  Probe  
  37  3:15  Twilight Council  
  37  3:24  Probe  
  37  3:25  Pylon  
  38  3:36  Probe  
  39  3:45  Stalker x2  
  39  3:46  Blink (Chrono Boost)  
  39  3:48  Probe  
  44  4:00  Probe  
  45  4:06  Probe  
  46  4:10  Stalker  
  46  4:12  Probe  
  46  4:15  Stalker  
  51  4:19  Probe  
  52  4:24  Probe  
  53  4:31  Probe  
  53  4:33  Stalker  
  53  4:35  Pylon  
  53  4:36  Probe  
  57  4:40  Stalker  
  57  4:43  Probe  
  57  4:45  Robotics Facility  
  60  4:48  Probe  
  61  4:57  Adept  
  64  5:04  Nexus  
  64  5:06  Adept  
  65  5:09  Pylon  
  65  5:11  Probe  
  65  5:12  Probe  
  67  5:18  Assimilator  
  67  5:23  Pylon  
  67  5:24  Probe  
  67  5:25  Probe  
  65  5:37  Probe x2, Stalker x2  
  69  5:49  Probe x2 (Chrono Boost)  
  75  5:50  Immortal  
  75  5:51  Shield Battery  
  71  6:00  Forge  
  71  6:02  Probe (Chrono Boost)  
  73  6:05  Sentry, Stalker  
  73  6:07  Probe (Chrono Boost)  
  73  6:10  Probe (Chrono Boost)  
  78  6:14  Probe (Chrono Boost), Pylon  
  78  6:16  Probe x2  
  81  6:21  Gateway  
  81  6:23  Gateway  
  81  6:24  Charge (Chrono Boost)  
  81  6:25  Probe  
  82  6:29  Observer  
  82  6:30  Sentry, Stalker  
  87  6:37  Protoss Ground Weapons Level 1 (Chrono Boost)  
  87  6:38  Probe  
  88  6:43  Gateway  
  88  6:45  Gateway  
  84  6:50  Immortal (Chrono Boost)  
  85  7:02  Adept  
  85  7:03  Stalker  
  85  7:06  Shield Battery, Pylon  
  89  7:10  Gateway  
  89  7:15  Gateway  
  89  7:19  Warp Prism (Chrono Boost), Stalker x2  
  89  7:20  Probe x2  
  97  7:23  Probe  
  98  7:37  Stalker x3  
  103  7:45  Probe  
  103  7:49  Stalker x2  
  106  7:58  Probe x3  
  106  8:02  Zealot x4  
  106  8:04  Nexus  
  115  8:06  Pylon  
  115  8:15  Zealot  
  117  8:21  Pylon  
  117  8:23  Protoss Ground Weapons Level 2 (Chrono Boost)  
  117  8:25  Templar Archives  
  111  8:27  Zealot x7  
  113  8:40  Zealot  
  113  8:41  Immortal (Chrono Boost)  
  85  8:51  Zealot x6  
  97  8:58  Probe  
  97  9:02  Zealot x2  
  100  9:03  Probe x2  
  104  9:10  Probe  
  104  9:15  Zealot x4, Sentry  
  114  9:18  Probe  
  114  9:22  Shield Battery  
  115  9:27  Zealot x2, Sentry  
  122  9:31  Observer (Chrono Boost)  
  122  9:35  Probe x2  
  122  9:37  Zealot x2  
  122  9:38  Zealot x3  
  134  9:43  Pylon  
  134  9:45  Pylon  
  134  9:46  Photon Cannon  
  134  9:48  Zealot  
  134  9:50  Zealot  
  138  9:58  Probe  
  138  9:59  Probe  
  140  10:00  Zealot x3  
  140  10:03  High Templar  
  140  10:04  Zealot  
  140  10:07  High Templar  
  152  10:16  Archon  
  152  10:17  Zealot x2  
  156  10:24  Zealot x4  
  154  10:32  Zealot x3  
  138  10:40  Zealot x2  
  128  10:43  Gateway  
  128  10:45  Gateway  
  128  10:47  Gateway  
  128  10:49  Dark Shrine  
  130  10:50  Zealot x4, Gateway  
  130  10:54  Zealot x2  
Tags
 
Add a new tag
Caveats
  • Supply blocks, unpowered buildings, or Contaminate may cause inaccurate times.
  • Supply counts are checked every 10 seconds.